 Dungeon Crawl Stone Soup version 0.27-a0-1202-ge72e49191c (webtiles) character file.

Game seed: 12872742807722911464

38 Ancestrald the Skirmisher (level 3, 0/33 HPs)
             Began as a Draconian Berserker on June 2, 2021.
             Was a Believer of Trog.
             Slain by an orc wizard
             ... wielding a +0 dagger
              (3 damage)
             ... on level 2 of the Dungeon.
             The game lasted 00:06:21 (1233 turns).

Ancestrald the Skirmisher (Draconian Berserker)     Turns: 1233, Time: 00:06:21

Health: 0/33       AC:  5    Str: 19    XL:     3   Next: 25%
Magic:  3/3        EV: 12    Int:  7    God:    Trog [**....]
Gold:   65         SH:  0    Dex: 11    Spells: 2/2 levels left

rFire    + . .     SeeInvis .   b - +0 hunting sling (flame)
rCold    + . .     Faith    .   (no shield)
rNeg     . . .     Spirit   .   (armour unavailable)
rPois    +         Reflect  .   (helmet restricted)
rElec    +         Harm     .   (no cloak)
rCorr    +         Rampage  .   (no gloves)
Will     .....                  (no boots)
Stlth    +.........             (no amulet)
HPRegen  0.11/turn              (no ring)
MPRegen  0.08/turn              (no ring)

@: confused, brilliant, resistant
A: AC +5, unfitting armour, cold-blooded
a: Renounce Religion, Berserk, Trog's Hand


You were on level 2 of the Dungeon.
You worshipped Trog.
Trog was pleased with you.
You visited 1 branch of the dungeon, and saw 2 of its levels.

You collected 65 gold pieces.

Inventory:

Hand Weapons
 a - a +0 spear
 b - a +0 hunting sling of flaming (weapon)
 c - a +0 mace
 e - a +0 whip
 i - a +0 club
 j - a +0 club
 n - a +0 club
 o - a +0 dagger
 r - a +0 short sword
 s - a +0 dagger
 t - a +0 dagger
 u - a +0 dagger
 v - a +0 spear
Missiles
 d - 11 sling bullets (quivered ammo)
 f - 27 stones
 k - 47 arrows
Armour
 h - a +1 robe of willpower
 w - a +0 plate armour
Scrolls
 l - a scroll of blinking {unknown}
 m - 3 scrolls of noise {unknown}
 q - 2 scrolls of identify {unknown}


   Skills:
 * Level 3.8 Fighting
 - Level 3.2 Polearms
 * Level 1.3 Slings
 * Level 3.0 Dodging


You had 2 spell levels left.
You didn't know any spells.
Your spell library contained the following spells:

 Spells                   Type           Power      Damage    Failure   Level
 Magic Dart               Conj           0%         1d3       43%         1
 Searing Ray              Conj           0%         3d3       56%         2
 Dazzling Flash           Conj/Hex       0%         N/A       80%         3
 Fulminant Prism          Conj/Hex       0%         3d6       99%         4
 Iskenderun's Mystic Bla  Conj/Tloc      0%         2d3       99%         4


Dungeon Overview and Level Annotations

Branches:
Dungeon (2/15)

Altars:


Innate Abilities, Weirdness & Mutations

Your plain brown scales are hard. (AC +5)
You cannot fit into any form of body armour.
You are cold-blooded and may be slowed by cold attacks.


Message History

You hear some strange, mumbled words.
Something tries to affect you, but you resist.
You feel less confused. Something hits you but does no damage.
You clumsily bash something but do no damage.
Your tail-slap misses something.
Something hits you but does no damage.
You hear some strange, mumbled words.
A puff of flame appears from out of thin air!
The puff of flame hits you.
* * * LOW HITPOINT WARNING * * *
You miss something. Something hits you but does no damage.
You start resting.
Something hits you but does no damage. Something hits you but does no damage.
You barely miss something.
You hear some strange, mumbled words.
You are confused.
You closely miss something.
Something hits you but does no damage. x2
You completely miss something. Something hits you but does no damage.
You hear some strange, mumbled words.
You are more confused.
You are too injured to fight recklessly!
You start resting.
Something hits you.
* * * LOW HITPOINT WARNING * * *
It was a potion of brilliance.
You feel clever all of a sudden. Something hits you.
* * * LOW HITPOINT WARNING * * *
It was a potion of resistance.
You feel protected. Something hits you.
* * * LOW HITPOINT WARNING * * *
You are too confused!
You're too confused to move!
Something hits you.
* * * LOW HITPOINT WARNING * * *
You feel less confused.
You hear some strange, mumbled words.
You are confused.
You bump into the rock wall.
Something hits you.
You die...

.......##.#.#+########.######.#<#
.......##.#........# #...........
..>....##.#........# #..#####.#.#
.......##.#........# #..# #.#.#
#.#######.#........###..# #.#.#
#.# #....#.............## #.#.#
#.# ##....#..............# #.#.#
#+###.....##...........### #.#
..........##....@......# .#
..........######..#....#
..........#######.#....#
................#..###.#
................##.# #.#
................##.# #.#
##'##...........##.. .#
##..............###.#
##.####.........#


There were no monsters in sight!

Vanquished Creatures
  5 ball pythons
  4 bats
  4 endoplasms
  2 giant cockroaches (D:1)
  5 goblins
  2 hobgoblins (D:1)
  2 jackals (D:2)
  A quokka (D:2)
  3 frilled lizards
  3 kobolds
  2 rats
33 creatures vanquished.

Notes
Turn   | Place    | Note
-------+----------+-------------------------------------------
     0 | D:1      | Ancestrald the Draconian Berserker began the quest for the
                  | Orb.
     0 | D:1      | Reached XP level 1. HP: 19/19 MP: 1/1
   277 | D:1      | Reached XP level 2. HP: 26/26 MP: 2/2
   621 | D:1      | Found a faded altar of an unknown god.
   718 | D:1      | You fall into a shaft and drop 1 floor!
   721 | D:2      | Reached ** piety under Trog
   763 | D:2      | Reached skill level 1 in Slings
   763 | D:2      | Reached XP level 3. HP: 33/33 MP: 3/3
  1233 | D:2      | Slain by an orc wizard

Illustrated notes

Levels and vault maps discovered:
D:1:      scummos_arrival_hexagon, layout_basic, basic_ecumenical_altar,
          minmay_misc_feat_alley
D:2:      layout_basic, minmay_misc_feat_rows

Skill      XL: |  1  2 |
---------------+-------+-----
Dodging        | 3 |  3.0
Slings         | 1 |  1.3
Fighting       | |  3.8
Polearms       | |  3.2

Action                   || total
-------------------------++-------
Melee: Spear             ||    13
       Tailslap          ||     3
       Hunting sling     ||     9
 Fire: Hunting sling     ||    70
  Use: Potion            ||     2
Armor: Skin              ||    24
Dodge: Dodged            ||    32

Table legend: (Time is in decaauts)
 A = Elapsed time spent in this place.
 B = Non-inter-level travel time spent in this place.
 C = Inter-level travel time spent in this place.
 D = Time resting spent in this place.
 E = Time spent auto-exploring this place.
 F = Levels seen in this place.
 G = Mean time per level.
                   A        B        C        D        E       F      G
               +--------+--------+--------+--------+--------+-----+--------+
         Total |   1251 |   1021 |    230 |    146 |    476 |   2 |  625.5 |
       Dungeon |   1251 |   1021 |    230 |    146 |    476 |   2 |  625.5 |
               +--------+--------+--------+--------+--------+-----+--------+

Top non-repeatable levels by time:
     D:1: 728 daAuts
     D:2: 522 daAuts
